 Dungeon Crawl Stone Soup version 0.29-a0-25-g7f48f510a0 (webtiles) character file.

Game seed: 15305676860080238278

215249 vineage the Slayer (level 19, 0/142 HPs)
             Began as a Gargoyle Fighter on Jan 31, 2022.
             Was the Champion of Okawaru.
             Killed from afar by a hell hog (5 damage)
             ... with a fireball
             ... on level 3 of the Abyss.
             The game lasted 00:52:58 (32800 turns).

vineage the Slayer (Gargoyle Fighter)              Turns: 32800, Time: 00:52:59

Health: 0/142      AC: 45    Str: 31    XL:     19   Next: 2%
Magic:  30/30      EV: 18    Int: 13    God:    Okawaru [******]
Gold:   2667       SH: 16    Dex: 23    Spells: 18/18 levels left

rFire   + . .      SeeInvis .   T - +6 demon whip (vamp)
rCold   + + +      Faith    .   I - +2 buckler of Xom's Esteem {rF+}
rNeg    + + .      Spirit   .   E - +6 ice dragon scales of the Vacuum {rF- rC++ rN+ MP+9 Str+6}
rPois   ∞          Reflect  +   c - +0 helmet {Int+3}
rElec   +          Harm     .   G - +1 cloak
rCorr   +          Rampage  .   m - +1 pair of gloves of Ecke {Regen+ Str+2}
Will    +....      Clarity  +   R - +1 pair of boots
Stlth   ..........              W - amulet of reflection
HPRegen 1.13/turn               e - +6 ring of dexterity
MPRegen 0.22/turn               C - ring "Gevvulaff" {rC+ rCorr EV+4 Dex+4 Slay-6}

@: resistant, flying, slowed, very slow
A: sickness immunity, AC +14, big wings, negative energy resistance 1,
electricity resistance, torment resistance 1, petrification resistance, clarity,
low MP 1, sense surroundings 1, [berserk 2]
}: 1/15 runes: barnacled
a: Renounce Religion, Heroism, Finesse, Duel


You were on level 3 of the Abyss.
You worshipped Okawaru.
Okawaru was exalted by your worship.
You visited 6 branches of the dungeon, and saw 30 of its levels.
You visited the Abyss 2 times.
You also visited: Ice Cave and Volcano.

You collected 2967 gold pieces.
You spent 300 gold pieces at shops.

Inventory:

Hand Weapons
 a - a +0 flail
 j - a +0 morningstar of chaos
 H - the +8 whip "Snakebite" {venom, curare, rPois}
   (You found it on level 1 of the Lair of Beasts)

   It poisons the flesh of those it strikes.
   It occasionally inflicts asphyxiating poison on those it strikes, dealing
   poison damage and causing slowness.
   rPois:     It protects you from poison.
 T - a +6 vampiric demon whip (weapon)
Missiles
 q - 11 throwing nets (quivered)
Armour
 c - a +0 helmet of intelligence (worn)
 m - the +1 pair of gloves of Ecke (worn) {Regen+ Str+2}
   (You acquired it on level 2 of the Dungeon)

   Str:       It affects your strength (+2).
   Regen:     It increases your rate of health regeneration.
 E - the +6 ice dragon scales of the Vacuum (worn) {rF- rC++ rN+ MP+9 Str+6}
   (Okawaru gifted it to you on level 9 of the Dungeon)

   Str:       It affects your strength (+6).
   rF:        It makes you vulnerable to fire.
   rC:        It greatly protects you from cold.
   rN:        It protects you from negative energy.
   MP:        It affects your magic capacity (+9).
 G - a +1 cloak (worn)
 I - the +2 buckler of Xom's Esteem (worn) {rF+}
   (You acquired it on level 3 of the Lair of Beasts)

   rF:        It protects you from fire.
 R - a +1 pair of boots (worn)
Jewellery
 e - a +6 ring of dexterity (left hand)
 i - a ring of willpower
 r - a +6 ring of dexterity
 C - the ring "Gevvulaff" (right hand) {rC+ rCorr EV+4 Dex+4 Slay-6}
   (You took it off a tengu conjurer on level 9 of the Dungeon)

   [ring of evasion]

   EV:        It affects your evasion (+4).
   Dex:       It affects your dexterity (+4).
   Slay:      It affects your accuracy & damage with ranged weapons and melee
   (-6).
   rC:        It protects you from cold.
   rCorr:     It protects you from acid and corrosion.
 F - a ring of resist corrosion
 Q - a +6 ring of intelligence
 S - an amulet of regeneration
 V - a ring of positive energy
 W - an amulet of reflection (around neck)
 Z - a +6 ring of strength
Wands
 o - a wand of flame (29)
 u - a wand of acid (15)
 v - a wand of iceblast (30)
 w - a wand of polymorph (8)
 y - a wand of paralysis (6)
 L - a wand of mindburst (3)
Scrolls
 h - 6 scrolls of magic mapping
 t - 4 scrolls of vulnerability
 x - 2 scrolls of summoning
 K - a scroll of teleportation
 M - 3 scrolls of amnesia
 N - 4 scrolls of fear
 P - 4 scrolls of enchant armour
 U - 4 scrolls of fog
 X - a scroll of silence
 Y - a scroll of brand weapon
Potions
 b - 5 potions of mutation
 d - 6 potions of might
 f - 10 potions of flight
 g - 5 potions of curing
 k - 3 potions of brilliance
 l - 4 potions of cancellation
 n - 4 potions of attraction
 p - 8 potions of invisibility
 s - 6 potions of heal wounds
 z - 2 potions of magic
 A - 4 potions of resistance
 B - a potion of berserk rage
 D - 2 potions of ambrosia
 J - 4 potions of haste


   Skills:
 * Level 23.3 Fighting
 + Level 16.3 Maces & Flails
 + Level 15.1 Armour
 + Level 5.6 Dodging
 + Level 15.0 Shields
 - Level 6.7 Invocations


You had 18 spell levels left.
You didn't know any spells.
Your spell library contained the following spells:

 Spells                   Type           Power      Damage    Failure   Level
 Foxfire                  Conj/Fire      0%         2x1d4     54%         1
 Magic Dart               Conj           0%         1d3       54%         1
 Pain                     Necr           0%         1d4       54%         1
 Sandblast                Erth           0%         2d4       54%         1
 Slow                     Hex            0%         N/A       54%         1
 Sting                    Tmut/Pois      0%         1d3       54%         1
 Ensorcelled Hibernation  Hex/Ice        0%         N/A       69%         2
 Passwall                 Tmut/Erth      0%         N/A       69%         2
 Poisonous Vapours        Pois/Air       0%         N/A       69%         2
 Static Discharge         Conj/Air       0%         N/A       69%         2
 Confusing Touch          Hex            0%         N/A       89%         3
 Conjure Flame            Conj/Fire      0%         6-21      89%         3
 Inner Flame              Hex/Fire       0%         N/A       89%         3
 Mephitic Cloud           Conj/Pois/Air  0%         N/A       89%         3
 Portal Projectile        Hex/Tloc       0%         N/A       89%         3
 Spider Form              Tmut/Pois      0%         N/A       89%         3
 Stone Arrow              Conj/Erth      0%         3d7       89%         3
 Vampiric Draining        Necr           0%         2d6       89%         3
 Anguish                  Hex/Necr       0%         N/A       100%        4
 Cause Fear               Hex            0%         N/A       100%        4
 Dispel Undead            Necr           0%         3d6       100%        4
 Flame Wave               Conj/Fire      0%         2d4       100%        4
 Hailstorm                Conj/Ice       0%         3d3       100%        4
 Ice Form                 Ice/Tmut       0%         N/A       100%        4
 Olgreb's Toxic Radiance  Pois           0%         N/A       100%        4
 Petrify                  Tmut/Erth      0%         N/A       100%        4
 Sticky Flame             Conj/Fire      0%         2d3       100%        4
 Blade Hands              Tmut           0%         N/A       100%        5
 Excruciating Wounds      Necr           0%         N/A       100%        5
 Metabolic Englaciation   Hex/Ice        0%         N/A       100%        5
 Dragon Form              Tmut           0%         N/A       100%        7
 Animate Skeleton         Necr           Unusable   N/A       N/A         1
 Call Imp                 Summ           Unusable   N/A       N/A         2
 Simulacrum               Ice/Necr       Unusable   N/A       N/A         6
 Statue Form              Tmut/Erth      Unusable   N/A       N/A         6
 Dragon's Call            Summ           Unusable   N/A       N/A         9

Dungeon Overview and Level Annotations

Branches:
Dungeon (15/15)            Temple (1/1) D:4            Lair (6/6) D:10
 Shoals (4/4) Lair:2       Spider (0/4) Lair:3        Slime (0/5) Lair:6
    Orc (2/2) D:12            Elf (2/3) Orc:2        Vaults (0/5) D:13
 Depths (0/4) D:15          IceCv (visited)         Volcano (visited)

Altars:
Ashenzari
Cheibriados
Dithmenos
Elyvilon
Fedhas
Gozag
Hepliaklqana
Kikubaaqudgha
Makhleb
Nemelex Xobeh
Okawaru
Qazlal
Ru
Sif Muna
Trog
Uskayaw
Vehumet
Wu Jian
Xom
Yredelemnul
Zin
The Shining One
Beogh
Jiyva

Shops:
D:3 ?   D:12 [:   Orc:2 *:(=   Elf:1 (

Annotations:
Shoals:2 3 runed translucent doors
Elf:2 Louise


Innate Abilities, Weirdness & Mutations

You are immune to sickness and miasma.
Your stone body is resilient. (AC +14)
You are immune to poison.
Your large and strong wings let you fly.
You resist negative energy. (rN+)
You are resistant to electric shocks. (rElec)
You are resistant to unholy torment.
You are immune to petrification.
You possess an exceptional clarity of mind.
Your magical capacity is low. (-10% MP)
You passively map a small area around you.
[You often lose your temper in combat.]


Message History

The fireball engulfs the hell hog.
The hell hog completely resists.
The fireball engulfs the hell hog.
The hell hog completely resists.
The fireball engulfs the hell hog.
The hell hog completely resists.
The hell hog closely misses you. You block the hell hog's attack.
The hell hog bites you but does no damage.
You hit the hell hog but do no damage.
The hell hog is heavily wounded.
The hell hog barely misses you. You block the hell hog's attack.
The hell hog breathes fire at you.
The fireball explodes!
The fireball engulfs you. You resist.
The fireball engulfs the hell hog.
The hell hog completely resists.
The fireball engulfs the hell hog.
The hell hog completely resists.
The fireball engulfs the hell hog.
The hell hog completely resists.
You barely miss the hell hog.
The hell hog is heavily wounded.
The hell hog breathes fire at you.
The fireball explodes!
The fireball engulfs you! You resist.
* * * LOW HITPOINT WARNING * * *
The fireball engulfs the hell hog.
The hell hog completely resists.
The fireball engulfs the hell hog.
The hell hog completely resists.
The fireball engulfs the hell hog.
The hell hog completely resists.
The hell hog breathes fire at you.
The fireball explodes!
The fireball engulfs you! You resist.
* * * LOW HITPOINT WARNING * * *
The fireball engulfs the hell hog.
The hell hog completely resists.
The fireball engulfs the hell hog.
The hell hog completely resists.
The fireball engulfs the hell hog.
The hell hog completely resists.
You block the hell hog's attack. The hell hog closely misses you.
Okay, then.
Okay, then.
Blink to where?
Press: ? - help, Dir - move target A spatial vortex comes into view.
As you read the scroll of blinking, it crumbles to dust.
The hell hog breathes fire at you.
The fireball explodes!
The fireball engulfs you!! You resist.
* * * LOW HITPOINT WARNING * * *
The hell hog breathes fire at you.
The fireball explodes!
The fireball engulfs you. You resist.
You die...

. . # . # . .# #
.# . . ##.##. .
# #.....#
#.........# #
....# ## ....#
#####.##..##
....#.@### ###
..#.h.#
.....#h#†.##....
#*.hx...# #..
#v##.#### # .
#.....# #. ..
v.#.## . #....
..# ...# ..#


You could see 3 hell hogs, a spatial vortex, a small abomination and a lurking
horror.

Vanquished Creatures
  Rupert (D:14)
  Jorgrun (Orc:2)
  A lich (Abyss:3)
  A deep elf blademaster (Elf:2)
  A titan (Shoals:1)
  Gastronok (D:9)
  Frances (Shoals:2)
  2 frost giants (Shoals:1)
  2 orc warlords
  Nessos (D:13)
  Azrael (D:14)
  A deep elf demonologist (Elf:2)
  An eidolon (Abyss:3)
  A deep elf death mage (Elf:1)
  2 merfolk javelineers (Shoals:4)
  2 ettins (D:12)
  5 merfolk impalers
  A fire dragon (Lair:6)
  A yaktaur captain (D:12)
  A deep elf high priest (Elf:1)
  An ice dragon (D:12)
  2 catoblepae
  A merfolk avatar (Shoals:4)
  3 boulder beetles
  17 hydras
  An ogre mage (D:15)
  2 satyrs
  Erica (Orc:1)
  6 merfolk aquamancers
  A two-headed ogre (shapeshifter) (D:9)
  8 centaur warriors
  2 alligator snapping turtles (Shoals:4)
  A death yak (Lair:2)
  19 dancing weapons
  A spriggan skeleton (Abyss:3)
  7 two-headed ogres
  3 thrashing horrors (Abyss:3)
  A vampire mage (D:15)
  2 orc high priests
  10 deep elf knights
  8 hell knights (D:12)
  Sonja (Lair:2)
  Nergalle (D:12)
  2 spatial maelstroms (Abyss:3)
  2 skeletal warriors (D:15)
  2 wretched stars (Abyss:3)
  8 deep elf archers
  9 sea snakes
  A sixfirhy (Abyss:3)
  2 bog bodies (IceCv)
  A glowing orange brain (shapeshifter) (Elf:1)
  3 lindwurms
  17 harpies
  3 necromancers
  24 deep elf zephyrmancers
  9 ugly things
  26 deep elf pyromancers
  15 orc knights
  2 fire giant zombies (D:15)
  11 manticores
  5 fauns
  10 cyclopes
  3 orc sorcerers
  7 slime creatures (D:12)
  A tengu skeleton (D:15)
  2 black mambas (shapeshifter)
  13 black mambas
  21 elephants
  An ice statue (IceCv)
  8 merfolk sirens
  The ghost of kae the Chopper, a novice HOFi (D:5)
  3 cane toads (shapeshifter)
  5 smoke demons (Abyss:3)
  A torpor snail (Lair:4)
  4 water nymphs
  3 gargoyles
  3 molten gargoyles (Lair:6)
  A stone giant skeleton (D:15)
  12 cane toads
  A kobold demonologist (D:12)
  3 tengu conjurers
  A rime drake (Lair:6)
  5 komodo dragons
  A demonic crawler (Abyss:3)
  3 efreet
  3 entropy weaver simulacra (IceCv)
  An ice devil (IceCv)
  2 anaconda simulacra (IceCv)
  3 ancient zymes (Abyss:3)
  3 polar bears
  A harpy zombie (Abyss:3)
  6 trolls
  25 merfolk
  8 wind drakes
  4 raiju (Abyss:3)
  20 dream sheep
  15 blink frogs
  8 snapping turtles
  3 air elementals (Elf:2)
  3 starcursed masses (Abyss:3)
  16 water elementals
  3 culicivoras (Lair:3)
  A culicivora (shapeshifter) (D:12)
  A shadow (D:11)
  3 ynoxinuls (Abyss:3)
  3 wraiths
  7 wyverns
  14 basilisks
  11 fire elementals
  66 yaks
  Eustachio (D:5)
  4 steam dragons
  2 vampire mosquitoes (D:13)
  3 death yak simulacra (Lair:5)
  2 wargs (Orc:2)
  3 neqoxecs (Abyss:3)
  5 large abominations (Abyss:3)
  2 acid dragons
  20 water moccasins
  18 hell hounds
  43 orc warriors
  3 ice beasts
  A sky beast (D:10)
  A black bear (Lair:1)
  A necrophage (D:5)
  9 wolves
  33 centaurs
  7 ogres
  2 phantoms
  5 kobold brigands
  12 bullfrogs
  4 cane toad simulacra (IceCv)
  A gnoll sergeant (D:5)
  An earth elemental (Elf:1)
  5 scorpions
  7 two-headed ogre simulacra (IceCv)
  2 water moccasin zombies (D:6)
  4 small abominations (Abyss:3)
  4 elephant simulacra
  13 killer bees (D:9)
  An electric eel (Lair:4)
  8 howler monkeys
  6 centaur zombies
  7 bullfrog zombies
  A jelly (D:7)
  5 lava snakes (Lair:6)
  20 orc priests
  A gnoll shaman (D:3)
  An iguana (D:6)
  Ijyb (D:5)
  10 orc wizards
  2 polar bear simulacra (IceCv)
  6 spriggan simulacra (IceCv)
  A killer bee zombie (D:8)
  6 troll simulacra (IceCv)
  3 wolf simulacra
  2 howler monkey zombies
  14 gnolls
  14 adders
  5 naga simulacra (IceCv)
  7 white imps
  2 ufetubi (IceCv)
  2 worms
  2 dart slugs
  73 orcs
  13 ball pythons
  14 endoplasms
  3 giant cockroaches
  9 goblins
  13 hobgoblins
  10 jackals
  41 kobolds
  7 quokkas
  4 bats
  6 frilled lizards
  6 rats
1156 creatures vanquished.

Vanquished Creatures (others)
  A dancing weapon (Elf:2)
  A deep elf knight (Elf:2)
  A wizard (D:14)
  A deep elf pyromancer (Elf:1)
  2 deep elf zephyrmancers (Elf:1)
  2 sky beasts (D:10)
  A howler monkey (D:10)
  A centaur zombie (D:9)
  A white imp (IceCv)
  34 fungi
  95 plants
  11 withered plants
151 creatures vanquished.

Grand Total: 1307 creatures vanquished

Notes
Turn   | Place    | Note
-------+----------+-------------------------------------------
     0 | D:1      | vineage the Gargoyle Fighter began the quest for the Orb.
     0 | D:1      | Reached XP level 1. HP: 14/14 MP: 1/1
   199 | D:1      | Reached XP level 2. HP: 19/19 MP: 2/2
   715 | D:1      | Reached XP level 3. HP: 22/24 MP: 3/3
   776 | D:1      | Found a faded altar of an unknown god.
  1250 | D:1      | Reached skill level 4 in Fighting
  1571 | D:2      | Reached XP level 4. HP: 29/29 MP: 4/4
  1662 | D:2      | You fall into a shaft and drop 1 floor!
  1838 | D:3      | Found Mappergh's Magic Scroll Shoppe.
  2128 | D:2      | Reached XP level 5. HP: 28/34 MP: 5/5
  2773 | D:2      | Identified a scroll of acquirement
  2773 | D:2      | Acquired the +1 pair of gloves of Ecke {Regen+ Str+2}
  2985 | D:3      | Reached skill level 5 in Fighting
  3120 | D:3      | Reached XP level 6. HP: 40/40 MP: 6/6
  3382 | D:4      | Found a staircase to the Ecumenical Temple.
  3448 | Temple   | Entered the Ecumenical Temple
  3628 | Temple   | Became a worshipper of Warmaster Okawaru
  3835 | D:4      | Found a snail-covered altar of Cheibriados.
  4089 | D:4      | Found the +7 staff of the Meek {protect, meekguard}
  4123 | D:5      | Entered Level 5 of the Dungeon
  4161 | D:5      | Noticed Eustachio
  4189 | D:5      | Killed Eustachio
  4190 | D:5      | Reached skill level 6 in Fighting
  4190 | D:5      | Reached XP level 7. HP: 46/46 MP: 7/7
  4294 | D:5      | Reached skill level 5 in Shields
  4367 | D:5      | Reached skill level 5 in Armour
  4391 | D:5      | Reached * piety under Okawaru
  4495 | D:5      | Reached XP level 8. HP: 51/52 MP: 8/8
  4521 | D:5      | Found a runed translucent gate.
  4572 | D:5      | Reached skill level 7 in Fighting
  4622 | D:5      | Found a runed translucent gate.
  4623 | D:5      | Found a runed translucent gate.
  4625 | D:5      | Noticed kae's ghost (novice HOFi)
  4771 | D:5      | Noticed Ijyb
  4790 | D:5      | Killed Ijyb
  5144 | D:5      | Killed kae's ghost
  5144 | D:5      | Reached ** piety under Okawaru
  5145 | D:5      | Reached skill level 8 in Fighting
  5145 | D:5      | Reached skill level 5 in Maces & Flails
  5185 | D:5      | Reached skill level 11 in Fighting
  5185 | D:5      | Reached XP level 9. HP: 64/64 MP: 9/9
  5269 | D:5      | Reached XP level 10. HP: 67/69 MP: 10/10
  5615 | D:6      | Noticed a two-headed ogre
  5628 | D:6      | Killed a two-headed ogre
  5628 | D:6      | Reached *** piety under Okawaru
  6239 | D:7      | Found a hazy altar of Hepliaklqana.
  6550 | D:7      | Found a stormy altar of Qazlal.
  7019 | D:8      | Noticed a boulder beetle
  7230 | D:8      | Reached **** piety under Okawaru
  7307 | D:8      | Found an opulent altar of Gozag.
  7565 | D:9      | Reached skill level 12 in Fighting
  7604 | D:9      | Noticed a centaur warrior
  7607 | D:9      | Noticed a six-headed hydra
  8021 | D:9      | Noticed a purple ugly thing
  8044 | D:9      | Killed a purple ugly thing
  8045 | D:9      | Reached XP level 11. HP: 76/76 MP: 11/11
  8048 | D:9      | Identified the ring "Gevvulaff" {rC+ rCorr EV+4 Dex+4
                  | Slay-6}
  8153 | D:9      | Noticed a two-headed ogre
  8161 | D:9      | Killed a two-headed ogre
  8161 | D:9      | Reached ***** piety under Okawaru
  8185 | D:9      | Noticed a centaur warrior
  8208 | D:9      | Killed a centaur warrior
  8286 | D:9      | Noticed Gastronok
  8328 | D:9      | Killed Gastronok
  8385 | D:9      | Killed a six-headed hydra
  8385 | D:9      | Identified the +6 ice dragon scales of the Vacuum {rF- rC++
                  | rN+ MP+9 Str+6} (Okawaru gifted it to you on level 9 of the
                  | Dungeon)
  8385 | D:9      | Received a gift from Okawaru
  8386 | D:9      | Reached skill level 13 in Fighting
  9122 | D:10     | Entered Level 10 of the Dungeon
  9197 | D:10     | Reached skill level 10 in Armour
  9230 | D:10     | Reached skill level 10 in Maces & Flails
  9319 | D:10     | Reached skill level 10 in Shields
  9328 | D:10     | Reached XP level 12. HP: 66/84 MP: 12/12
  9868 | D:10     | Found a staircase to the Lair.
 10185 | Lair:1   | Entered Level 1 of the Lair of Beasts
 10242 | Lair:1   | Reached skill level 14 in Fighting
 10280 | Lair:1   | Noticed a five-headed hydra
 10285 | Lair:1   | Killed a five-headed hydra
 10361 | Lair:1   | Identified the +0 crystal plate armour of Spring Thaw
                  | {Rampage rPois Will- Int+4} (Okawaru gifted it to you on
                  | level 1 of the Lair of Beasts)
 10361 | Lair:1   | Received a gift from Okawaru
 10727 | Lair:1   | Reached skill level 1 in Invocations
 11017 | Lair:1   | Found the +8 whip "Snakebite" {venom, curare, rPois}
 11352 | Lair:2   | Noticed a seven-headed hydra
 11364 | Lair:2   | Killed a seven-headed hydra
 11365 | Lair:2   | Reached skill level 15 in Fighting
 11386 | Lair:2   | Noticed Sonja
 11389 | Lair:2   | Noticed a four-headed hydra
 11406 | Lair:2   | Killed a four-headed hydra
 11421 | Lair:2   | Killed Sonja
 11583 | Lair:2   | Found a staircase to the Shoals.
 11676 | Lair:2   | Noticed a catoblepas
 11686 | Lair:2   | Reached XP level 13. HP: 92/92 MP: 15/15
 12097 | Lair:2   | Reached ****** piety under Okawaru
 12184 | Lair:2   | Received a gift from Okawaru
 12649 | Lair:3   | Found a dark tunnel.
 12676 | Volcano  | Entered a volcano
 12748 | Volcano  | Reached skill level 5 in Invocations
 12786 | Volcano  | Reached skill level 16 in Fighting
 13302 | Lair:3   | Received a gift from Okawaru
 13343 | Lair:3   | Found a hole to the Spider Nest.
 13495 | Lair:3   | Identified the -3 kite shield "Beluwib" {Int+4 SInv Stlth-}
                  | (Okawaru gifted it to you on level 3 of the Lair of Beasts)
 13495 | Lair:3   | Received a gift from Okawaru
 14231 | Lair:3   | Acquired the +2 buckler of Xom's Esteem {rF+}
 14381 | Lair:4   | Reached skill level 17 in Fighting
 14403 | Lair:4   | Gained mutation: Your large and strong wings let you fly.
                  | [Gargoyle growth]
 14403 | Lair:4   | Reached XP level 14. HP: 84/102 MP: 19/19
 15216 | Lair:5   | Found a frozen archway.
 15400 | Lair:5   | Received a gift from Okawaru
 15438 | IceCv    | Entered an ice cave
 15782 | IceCv    | Reached skill level 18 in Fighting
 16809 | Lair:5   | Received a gift from Okawaru
 17278 | Lair:6   | Entered Level 6 of the Lair of Beasts
 17642 | Lair:6   | Identified the +1 scale mail of Pyhofyejef {rCorr Str+2}
                  | (Okawaru gifted it to you on level 6 of the Lair of Beasts)
 17642 | Lair:6   | Received a gift from Okawaru
 17800 | Lair:6   | Reached XP level 15. HP: 110/110 MP: 20/20
 17823 | Lair:6   | Reached skill level 19 in Fighting
 17838 | Lair:6   | Found a viscous altar of Jiyva.
 17838 | Lair:6   | Found a staircase to the Slime Pits.
 18044 | Lair:6   | Found a large runed translucent door.
 18044 | Lair:6   | Found a large runed translucent door.
 19279 | D:11     | Found a basalt altar of Yredelemnul.
 19828 | D:12     | Found Ororiaff's Book Emporium.
 20029 | D:12     | Identified the +1 robe of the Hurricane {Rampage rC+}
 20052 | D:12     | Noticed Nergalle
 20070 | D:12     | Received a gift from Okawaru
 20088 | D:12     | Killed Nergalle
 21093 | D:12     | Reached skill level 20 in Fighting
 21383 | D:12     | Found a staircase to the Orcish Mines.
 21395 | D:12     | Found Deleget's Armour Emporium.
 21763 | D:13     | Found a gate to the Vaults.
 21812 | D:13     | Reached XP level 16. HP: 119/119 MP: 21/21
 21839 | D:13     | Noticed Nessos
 21859 | D:13     | Killed Nessos
 22236 | D:14     | Identified the +10 quick blade "Zottow" {drain, rN+ Int+2}
                  | (Okawaru gifted it to you on level 14 of the Dungeon)
 22236 | D:14     | Received a gift from Okawaru
 22326 | D:14     | Cast into level 3 of the Abyss (a wizard)
 22660 | D:14     | Escaped the Abyss
 22864 | D:14     | Noticed Azrael
 22927 | D:14     | Killed Azrael
 23206 | D:14     | Gained mutation: You passively map a small area around you.
                  | [potion of mutation]
 23206 | D:14     | Gained mutation: You possess an exceptional clarity of
                  | mind. [potion of mutation]
 23315 | D:14     | Noticed Rupert
 23354 | D:14     | Killed Rupert
 23597 | D:15     | Entered Level 15 of the Dungeon
 23628 | D:15     | Received a gift from Okawaru
 23762 | D:15     | Found a staircase to the Depths.
 23965 | D:15     | Reached skill level 21 in Fighting
 24418 | Orc:1    | Entered Level 1 of the Orcish Mines
 24443 | Orc:1    | Noticed Erica
 24458 | Orc:1    | Killed Erica
 24600 | Orc:2    | Entered Level 2 of the Orcish Mines
 24908 | Orc:2    | Noticed Jorgrun
 24933 | Orc:2    | Killed Jorgrun
 25405 | Orc:2    | Found Nutih Joaza's Book Emporium.
 25405 | Orc:2    | Found Byxtov's Weapon Shop.
 25405 | Orc:2    | Found Itiz's Jewellery Boutique.
 25421 | Orc:2    | Found Oregudede's General Store.
 25615 | Orc:2    | Reached skill level 15 in Maces & Flails
 25628 | Orc:2    | Found a staircase to the Elven Halls.
 25698 | Orc:2    | Bought an amulet of regeneration for 300 gold pieces
 25779 | D:11     | Identified the +1 robe "Jeosorr" {rCorr Int-3 Dex+2}
 25862 | Shoals:1 | Entered Level 1 of the Shoals
 25957 | Shoals:1 | Identified the +1 ring mail of Sloth {rC+ Regen+ Slay+2}
                  | (Okawaru gifted it to you on level 1 of the Shoals)
 25957 | Shoals:1 | Received a gift from Okawaru
 25965 | Shoals:1 | Noticed a titan
 26001 | Shoals:1 | Killed a titan
 26002 | Shoals:1 | Reached XP level 17. HP: 126/126 MP: 22/22
 26058 | Shoals:1 | Reached skill level 1 in Dodging
 26224 | Shoals:1 | Identified the +6 hand crossbow of Qeff {elec, Fly rPois
                  | Str+3}
 26877 | Shoals:2 | Found a runed translucent gate.
 26877 | Shoals:2 | Found a runed translucent gate.
 26877 | Shoals:2 | Found a runed translucent gate.
 27050 | Shoals:2 | Noticed Frances
 27063 | Shoals:2 | Killed Frances
 28478 | Shoals:4 | Entered Level 4 of the Shoals
 28635 | Shoals:4 | Reached skill level 22 in Fighting
 29154 | Shoals:4 | Received a gift from Okawaru
 29477 | Shoals:4 | Reached XP level 18. HP: 128/135 MP: 23/23
 29659 | Shoals:4 | Got a barnacled rune of Zot
 30140 | Elf:1    | Entered Level 1 of the Elven Halls
 30150 | Elf:1    | Received a gift from Okawaru
 30150 | Elf:1    | Found the +5 robe of Misfortune {Harm *Corrode *Slow EV+5}
 30200 | Elf:1    | Found Reiler's Weapon Shop.
 30937 | Elf:1    | Found an ancient bone altar of Kikubaaqudgha.
 31462 | Elf:2    | Paralysed by an air elemental for 1 turns
 31467 | Elf:2    | Paralysed by an air elemental for 1 turns
 31513 | Elf:2    | Reached skill level 23 in Fighting
 31568 | Elf:2    | Reached skill level 5 in Dodging
 31959 | Elf:2    | Reached skill level 15 in Armour
 31987 | Elf:2    | Paralysed by an air elemental for 1 turns
 32096 | Elf:2    | Found a runed translucent gate.
 32097 | Elf:2    | Found a runed translucent gate.
 32097 | Elf:2    | Found a runed translucent gate.
 32115 | Elf:2    | Identified the +0 plate armour "Acown" {Fly rF+ rC+ Regen+}
                  | (Okawaru gifted it to you on level 2 of the Elven Halls)
 32115 | Elf:2    | Received a gift from Okawaru
 32206 | Elf:2    | Reached skill level 15 in Shields
 32286 | Elf:2    | Noticed a deep elf blademaster
 32312 | Elf:2    | Killed a deep elf blademaster
 32355 | Elf:2    | Noticed Louise
 32364 | Elf:2    | Reached XP level 19. HP: 131/142 MP: 24/24
 32407 | Elf:2    | Cast into level 3 of the Abyss (Louise)
 32583 | Abyss:3  | Found a corrupted altar of Lugonu.
 32616 | Abyss:3  | Paralysed by accursed screaming for 1 turns
 32622 | Abyss:3  | Paralysed by accursed screaming for 2 turns
 32636 | Abyss:3  | Paralysed by accursed screaming for 2 turns
 32638 | Abyss:3  | HP: 2/142 [starcursed mass/accursed screaming (10)]
 32772 | Abyss:3  | Gained mutation: Your magical capacity is low. (-10% MP) [a
                  | neqoxec]
 32800 | Abyss:3  | HP: 5/142 [hell hog/fireball (24)]
 32800 | Abyss:3  | Killed from afar by a hell hog

Illustrated notes

Levels and vault maps discovered:
D:1:      psy_arrival_whirlpool, layout_loops_ring,
          dreamdust_ecumenical_altar_angels_and_demons, minmay_misc_feat_tower,
          minmay_strange_pillars, minmay_misc_feat_five, minmay_cupped
D:2:      layout_loops_cross, minmay_tall_x
D:3:      minmay_chambers_of_threes, layout_rooms, serial_shops, shop
D:4:      layout_basic, slow_altar_2, temple_doors_ab, pf_guarded_unrand_meek
D:5:      layout_basic, gammafunk_ghost_nasty_kobolds,
          chequers_serial_rivers_marsh, uniq_ijyb, uniq_eustachio
D:6:      layout_basic, serial_undead, serial_undead_e, serial_undead_a,
          serial_undead_e, serial_undead_b, palyth_stone_intersect
D:7:      layout_loops_cross, mainiacjoe_overflow_catch_the_wave
D:8:      corexii_shack_village, layout_loops_ring, nicolae_gozag_seed_capital
D:9:      minmay_the_grid_triangle_9x9_rhombus_thin_mashed
          [minmay_the_grid_triangle_9x9_swiss_cheese,
          minmay_the_grid_triangle_9x9_prize_schism,
          minmay_the_grid_triangle_9x9_shrine,
          minmay_the_grid_triangle_9x9_negative_grid], layout_cave_pods,
          kennysheep_generic_room_11, uniq_gastronok
D:10:     layout_loops_ring, grunt_lair_entry_orc_guard_hut,
          hangedman_misty_isle
D:11:     layout_roguey, lemuel_zombie_altar_yredelemnul
D:12:     minmay_octo_star, layout_loops_corners, orc_david_3, serial_shops,
          nicolae_square_shop, minmay_rotating_lava, uniq_nergalle
D:13:     layout_roguey, erik_vaults_1, grunt_ministairs_4, uniq_nessos
D:14:     layout_irregular_city, chequers_serial_rivers_micro_b, uniq_rupert,
          uniq_azrael
D:15:     gammafunk_depths_entry_grave, layout_basic,
          amcnicky_mini_rare_corridor_liquid
Temple:   eino_narrow_crystal_temple
Lair:1:   minmay_guarded_unrand_snakebite, layout_chaotic_city,
          grunt_megastairs_1, serial_bayou_shore_b
Lair:2:   layout_gridlike, elwin_shoals_entry_rocks,
          hangedman_lair_unloving_vines, minmay_shattered_shrine, uniq_sonja
Lair:3:   layout_small_grid, hellmonk_spider_entry_life_and_decay,
          nicolae_volcano_entry_two_sided, minmay_hedge_maze,
          serial_bayou_shore_a
Lair:4:   layout_gridlike, lemuel_fruit_tree
Lair:5:   layout_cave_pods, portal_ice_cave_entry_ice_simulacra,
          grunt_megastairs_5, serial_bayou_shore_b
Lair:6:   cheibrodos_lair_end_hotspot, layout_hall_layers,
          dpeg_slime_entry_enclosed_altar
Shoals:1: cheibrodos_shoals_gigantism, layout_shoals
Shoals:2: layout_shoals, nicolae_shoals_beach_cooler, uniq_frances
Shoals:3: layout_shoals
Shoals:4: shoals_end_simple, layout_shoals
Orc:1:    nicolae_orc_accident_3, layout_caves, uniq_erica
Orc:2:    st_orc_rangers, layout_caves, basic_altar, nicolae_orc_lava_tube,
          minmay_orc_temple_b, uniq_jorgrun
Elf:1:    layout_geoelf_diagonals, serial_shops, shop, basic_altar, special_room
          [special_room_orc], minmay_elf_crystal_hexagon,
          nicolae_elf_glassroom_feature
Elf:2:    nicolae_elf_blades_crystal_corner, layout_loops_ring,
          nicolae_elf_big_sculpture_3, uniq_louise
Abyss:3:  base: D:13, base: D:13, evilmike_abyss_exit_8, base: Temple,
          evilmike_abyss_exit_10, hangedman_eye_storm

Skill      XL: |  1  2  3  4  5  6  7  8  9 10 11 12 13 14 15 16 17 18 |
---------------+-------------------------------------------------------+-----
Fighting       | 4 5 6 11 12 13 15 17 18 20 21 22 23 | 23.3
Armour         | 4 5 8 9 10 11 12 13 14 15 | 15.1
Shields        | 4 5 8 10 11 12 13 14 15 | 15.0
Maces & Flails | 3 4 8 9 10 11 12 13 14 15 16 | 16.3
Invocations    | 3 6 |  6.7
Dodging        | 3 5 |  5.6

Action                   |  1- 3 |  4- 6 |  7- 9 | 10-12 | 13-15 | 16-18 | 19-21 || total
-------------------------+-------+-------+-------+-------+-------+-------+-------++-------
Melee: Flail             |   108 |   249 |   209 |    17 |       |       |       ||   583
       Morningstar       |       |       |       |   864 |       |       |       ||   864
       Whip              |       |       |       |    59 |  1207 |       |       ||  1266
       Demon whip        |       |       |       |       |  1088 |  2876 |   219 ||  4183
Invok: Heroism           |       |       |     1 |    10 |    12 |    19 |     1 ||    43
       Finesse           |       |       |       |       |       |     1 |       ||     1
  Use: Scroll            |     3 |     4 |     4 |    11 |    13 |     4 |     2 ||    41
       Potion            |       |     1 |     2 |     2 |     2 |     5 |     3 ||    15
 Stab: Petrified         |       |       |       |     6 |       |       |       ||     6
       Petrifying        |       |       |       |     1 |       |       |       ||     1
       Distracted        |       |       |       |       |       |     1 |       ||     1
Armor: Scale mail        |    57 |   145 |   135 |    87 |       |       |       ||   424
       Chain mail        |       |       |       |   179 |       |       |       ||   179
       Ice dragon scales |       |       |       |   382 |   975 |  1042 |    70 ||  2469
Dodge: Dodged            |    41 |   129 |    95 |   456 |   829 |  1100 |    90 ||  2740
Block: Buckler           |    30 |    99 |   106 |   423 |   819 |  1393 |   143 ||  3013
       Reflection        |       |       |       |       |       |    32 |     2 ||    34

Table legend: (Time is in decaauts)
 A = Elapsed time spent in this place.
 B = Non-inter-level travel time spent in this place.
 C = Inter-level travel time spent in this place.
 D = Time resting spent in this place.
 E = Time spent auto-exploring this place.
 F = Levels seen in this place.
 G = Mean time per level.
                   A        B        C        D        E       F      G
               +--------+--------+--------+--------+--------+-----+--------+
         Total |  30454 |  28101 |   2353 |   1406 |  18328 |  34 |  895.7 |
       Dungeon |  15154 |  13815 |   1339 |    997 |   9363 |  15 | 1010.3 |
        Temple |    195 |    155 |     40 |      0 |    144 |   1 |  195.0 |
          Lair |   6762 |   6189 |    573 |    180 |   4435 |   6 | 1127.0 |
        Shoals |   3582 |   3358 |    224 |     66 |   2284 |   4 |  895.5 |
  Orcish Mines |   1181 |   1040 |    141 |      0 |    617 |   2 |  590.5 |
   Elven Halls |   1921 |   1887 |     34 |     11 |   1091 |   2 |  960.5 |
         Abyss |    565 |    565 |      0 |     78 |      0 |   2 |  282.5 |
      Ice Cave |    779 |    779 |      0 |      0 |    360 |   1 |  779.0 |
       Volcano |    311 |    311 |      0 |     74 |     34 |   1 |  311.0 |
               +--------+--------+--------+--------+--------+-----+--------+

Top non-repeatable levels by time:
    D:12: 1719 daAuts
     D:9: 1600 daAuts
     D:1: 1409 daAuts
  Lair:1: 1244 daAuts
  Lair:3: 1244 daAuts
  Lair:2: 1221 daAuts
     D:5: 1210 daAuts
    D:10: 1181 daAuts
Shoals:4: 1144 daAuts
  Lair:6: 1144 daAuts
   Elf:1: 1107 daAuts
     D:2: 1063 daAuts
  Lair:5: 1049 daAuts
   Orc:2: 1010 daAuts
Shoals:1: 973 daAuts
